 Dungeon Crawl Stone Soup version 0.21-a0-517-gd76cfe0 (webtiles) character file.

107910 Firecrotchwizard the Black Belt (level 16, -4/91 HPs)
             Began as a Vine Stalker Monk on Dec 3, 2017.
             Was the Champion of Okawaru.
             Slain by Firecrotchwizard's illusion (7 damage)
             ... woven by Mara
             ... on level 3 of the Swamp.
             The game lasted 01:13:39 (23238 turns).

Firecrotchwizard the Black Belt (VSMo)             Turns: 23238, Time: 01:13:40

Health: -4/91      AC: 27    Str: 15    XL:     16   Next: 48%
Magic:  0/32       EV:  8    Int: 13    God:    Okawaru [******]
Gold:   2361       SH:  0    Dex: 23    Spells: 15/15 levels left

rFire    + . .     SeeInvis .     - Unarmed
rCold    . . .     Gourm    +   (no shield)
rNeg     . . .     Faith    .   C - +3 chain mail {rF+}
rPois    +         Spirit   +   w - +2 helmet {Int+3}
rElec    .         Reflect  .   c - +1 cloak
rCorr    .         Harm     .   a - +2 pair of gloves
MR       ++...                  U - +2 pair of boots {Fly}
Stlth    ..........             o - amulet of the gourmand {Gourm, !d}
HPRegen  1.05/turn              g - ring of poison resistance {rPois, !d}
MPRegen  0.23/turn              m - ring of magical power {MP+9}

@: lethally poisoned (-4 -> -9), about to teleport, flying, drained
A: fangs 3, regeneration 2, magic shield, antimagic bite, no potion heal 3, rot
immunity
a: Heroism, Finesse, Renounce Religion, Stop Flying


You were on level 3 of the Swamp.
You worshipped Okawaru.
Okawaru was exalted by your worship.
You were very full.

You visited 4 branches of the dungeon, and saw 26 of its levels.

You collected 2521 gold pieces.
You spent 160 gold pieces at shops.

Inventory:

Armour
 a - a +2 pair of gloves (worn)
   (You found it on level 2 of the Dungeon)
 c - a +1 cloak (worn)
   (You found it on level 2 of the Dungeon)
 j - the +1 pair of boots of Snakes and Ladders {Str+4 Stlth+}
   (You found it on level 6 of the Lair of Beasts)

   It affects your strength (+4).
   It makes you more stealthy.
 w - a +2 helmet of intelligence (worn)
   (Okawaru gifted it to you on level 1 of the Lair of Beasts)
 C - a +3 chain mail of fire resistance (worn)
   (Okawaru gifted it to you on level 9 of the Dungeon)
 D - the -4 cloak of a ziggurat {rF+ rN+ Int+3}
   (Okawaru gifted it to you on level 5 of the Lair of Beasts)

   It affects your intelligence (+3).
   It protects you from fire.
   It protects you from negative energy.
 U - a +2 pair of boots of flying (worn)
   (Okawaru gifted it to you on level 3 of the Lair of Beasts)
Jewellery
 g - a ring of poison resistance (left hand) {rPois, !d}
   (You took it off a kobold on level 1 of the Dungeon)
 m - a ring of magical power (right hand) {MP+9}
   (You found it on level 4 of the Lair of Beasts)
 n - an uncursed ring of positive energy {rN+}
   (You found it on level 2 of the Dungeon)
 o - an amulet of the gourmand (around neck) {Gourm, !d}
   (You found it on level 3 of the Dungeon)
 H - an uncursed ring of positive energy {rN+}
   (You took it off a crimson imp on level 11 of the Dungeon)
 R - an uncursed ring of resist corrosion
   (You found it on level 14 of the Dungeon)
 Z - an uncursed ring of protection from magic {MR+, !d}
   (You found it on level 1 of the Swamp)
Wands
 x - a wand of paralysis (35)
   (You took it off Pikel on level 3 of the Dungeon)
 z - a wand of flame (104)
   (You took it off Blork the orc on level 4 of the Dungeon)
 S - a wand of clouds (5)
   (You found it on level 15 of the Dungeon)
 V - a wand of enslavement (34)
   (You found it on level 3 of the Lair of Beasts)
 X - a wand of random effects (16)
   (You found it on level 4 of the Lair of Beasts)
Scrolls
 d - 8 scrolls of identify
 e - 5 scrolls of blinking {!r}
 h - 2 scrolls of magic mapping {!r}
 i - a scroll of holy word {!r}
 l - 7 scrolls of teleportation
 u - 11 scrolls of remove curse
 y - 3 scrolls of random uselessness
 L - a scroll of enchant weapon
 M - 8 scrolls of amnesia
 N - 2 scrolls of fear
 O - a scroll of summoning
Potions
 f - a potion of degeneration {!q}
 k - a potion of resistance
 r - 3 potions of agility
 s - 6 potions of magic
 t - 7 potions of mutation {!q}
 v - 6 potions of brilliance
 A - 3 potions of invisibility
 B - 5 potions of flight
 E - 7 potions of curing
 G - 2 potions of lignification {!q}
 I - 5 potions of might
 J - 2 potions of berserk rage {!q}
 K - a potion of ambrosia
 Y - 2 potions of haste
Books
 P - a book of Misfortune
   (You found it on level 14 of the Dungeon)
Miscellaneous
 F - a phantom mirror
 Q - a sack of spiders
 W - a lamp of fire
   (You found it on level 3 of the Lair of Beasts)
Comestibles
 b - 19 bread rations {@e1}
 p - 13 meat rations {@e2}
 q - 31 fruits
 T - 30 royal jellies


   Skills:
 + Level 13.4(12.4) Fighting
 + Level 11.5(10.5) Armour
 - Level 2.4(1.7) Dodging
 - Level 2.5(1.7) Stealth
 * Level 17.4(16.3) Unarmed Combat
 - Level 8.0(7.1) Invocations
 + Level 7.5(6.6) Evocations


You had 15 spell levels left.
You didn't know any spells.

Dungeon Overview and Level Annotations

Branches:
Dungeon (15/15)            Temple (0/1) D:6            Lair (6/6) D:10
  Swamp (3/4) Lair:2        Snake (0/4) Lair:2        Slime (0/5) Lair:6
    Orc (2/2) D:9             Elf (0/3) Orc:2        Vaults (0/5) D:14
 Depths (0/5) D:15

Altars:
Ashenzari
Dithmenos
Gozag
Kikubaaqudgha
Makhleb
Nemelex Xobeh
Okawaru
Trog
Uskayaw
Vehumet
Wu Jian
Xom
Yredelemnul
Zin
The Shining One
Beogh

Shops:
D:9 ?   D:15 !}   Orc:2 ***!

Annotations:
D:3 2 transporters
Lair:4 exclusion: 2 oklob plants
Swamp:3 Mara


Innate Abilities, Weirdness & Mutations

You have razor-sharp teeth.
You heal very quickly.
When hurt, damage is shared between your health and your magic reserves.
Your bite disrupts and absorbs the magic of your enemies.
Potions cannot restore your health.
You are immune to rotting.


Message History

You feel like a meek peon again.
You regained 33 hp, and now have 87/91 hp.
You regained 7 mp, and now have 26/32 mp.
Mara, Lord of Illusions comes into view.
He is wielding a demon whip of venom.
Mara blinks!
Health restored: 91 You regained 2 mp, and now have 28/32 mp.
Here: Mara, wielding a demon whip of venom and wearing a glowing robe The floor.
You gain the combat prowess of a mighty hero.
You now have 26/32 mp.
Mara blinks!
You see here 17 gold pieces.
Mara blinks!
You hit Mara but do no damage. Mara gestures at you.
The bolt of fire misses you.
The tree smoulders and burns.
You hit Mara but do no damage. Your punch misses Mara. Your bite misses Mara.
Mara gestures at you. The bolt of fire misses you.
Your chain mail prevents you from hitting Mara.
Your bite misses Mara. Mara barely misses you.
You punch Mara!
Mara hits you with a demon whip of venom.
You take 5 damage, and have 86/91 hp.
You now have 27/32 mp.
You punch Mara! Your bite misses Mara. You miss Mara.
Mara shimmers.
Mara shimmers and seems to become three!
You barely miss Mara. You punch Mara, but do no damage. Your bite misses Mara.
Mara growls.
Mara hits you with a demon whip of venom!
Mara closely misses you.
Mara gestures.
There is a horrible, sudden wrenching feeling in your soul!
Mara hits you with a demon whip of venom!
You take 13 damage, and have 74/91 hp.
You now have 24/32 mp.
You hit Mara but do no damage. Your bite misses Mara. You punch Mara!
Your bite misses Mara.
You feel like a meek peon again. Mara gestures at you.
You resist with some effort. Mara hits you but does no damage.
You are poisoned.
Mara blinks!
You hit Mara. You bite Mara!
Mara's magic leaks into the air.
You drain his magic.
You feel sick.
Mara hits you with a demon whip of venom.
Mara hits you with a demon whip of venom!
You are more poisoned.
You take 13 damage, and have 62/91 hp.
You now have 19/32 mp.
You hit Mara but do no damage. You bite Mara, but do no damage.
You feel sick.
Mara's face changes twice.
You hit Mara. Your bite misses Mara.
You feel sick.
Mara hits you with a demon whip of venom!
Mara blinks!
Firecrotchwizard's illusion barely misses you.
Mara blinks!
You take 12 damage, and have 50/91 hp.
You now have 16/32 mp.
You punch Mara! You bite Mara!
Mara's magic leaks into the air.
You drain his magic.
You feel sick. Mara barely misses you.
Mara hits you with a demon whip of venom!
You are more poisoned.
Firecrotchwizard's illusion hits you but does no damage.
You take 6 damage, and have 44/91 hp.
You now have 15/32 mp.
You punch Mara! Your bite misses Mara.
You feel sick.
You take 1 damage, and have 43/91 hp.
Okay, then.
As you read the scroll of teleportation, it crumbles to dust.
You feel strangely unstable.
You feel very sick. Mara gestures at you. The bolt of fire misses you.
Mara falters for a moment.
Firecrotchwizard's illusion hits you!
You take 9 damage, and have 34/91 hp.
You now have 13/32 mp.
You punch Mara! Your bite misses Mara.
You feel sick.
Mara hits you with a demon whip of venom!
Mara barely misses you. Firecrotchwizard's illusion hits you.
* * * LOW HITPOINT WARNING * * *
Mara falters for a moment.
You take 8 damage, and have 26/91 hp.
You now have 10/32 mp.
You hit Mara but do no damage. Your bite misses Mara.
You feel sick.
Mara hits you with a demon whip of venom!!
* * * LOW HITPOINT WARNING * * *
Firecrotchwizard's illusion barely misses you.
Mara hits you with a demon whip of venom.
* * * LOW HITPOINT WARNING * * *
You take 22 damage, and have 4/91 hp.
MASSIVE DAMAGE!!
You now have 2/32 mp.
You pummel Mara!! Your bite misses Mara.
* * * LOW HITPOINT WARNING * * *
You feel sick.
You take 1 damage, and have 3/91 hp.
You hit Mara.
* * * LOW HITPOINT WARNING * * *
You feel sick.
Mara says, "Bound art thou by all the snares!"
Mara splashes around in the water.
Firecrotchwizard's illusion hits you!
You die...

♣♣♣♣. ≈♣ ♣..♣
..♣≈♣..≈♣♣♣ ♣≈♣♣♣..♣
≈.≈≈.≈. ..♣ ♣..♣♣≈.♣
♣.....≈ ♣.♣ ♣.≈♣♣≈.♣
....≈.. ♣≈♣♣ ♣.≈....♣
#..).♣.♣♣≈.♣♣♣.≈≈†..♣
#.....R.≈.♣♣.♣♣≈...♣
##...(@$R.≈≈≈.......♣
#.....R@.≈♣...≈≈♣≈≈.♣
.#####.)♣.≈§♣≈≈≈≈≈≈.♣
#..♣.≈≈.♣≈♣≈≈≈.♣
#..♣.≈..)....≈.♣
#..♣.≈.♣≈≈≈♣...♣
#.#♣≈≈.≈≈≈♣♣♣♣.♣ ##
#≈....≈♣ .♣ .♣..♣..♣


You could see 3 Maras and Firecrotchwizard's illusion.

Vanquished Creatures
  Frances (D:13)
  Kirke (D:13)
  A ghoul (Swamp:1)
  Aizul (Swamp:2)
  Nessos (Lair:6)
  The ghost of Coron the Tortoise, a journeyman DDAs of Elyvilon (Orc:2)
  The ghost of selky the Destroyer, a journeyman GrVM of Makhleb (Lair:6)
  Snorg (D:10)
  A fire dragon (Lair:6)
  11 hydras
  A vault guard (D:14)
  The ghost of UncommonGray the Grappler, a journeyman DrTm of Ashenzari (Lair:1)
  2 ghost crabs (Swamp:2)
  5 alligators
  4 centaur warriors
  5 two-headed ogres
  5 orc high priests
  The ghost of iamoutofideas the Blocker, a novice GnFi of Gozag (D:8)
  6 death yaks
  2 skeletal warriors (D:15)
  A wizard (D:14)
  An unseen horror (D:10)
  2 lindwurms (Lair:6)
  A phantasmal warrior (D:15)
  Pikel (D:3)
  A shambling mangrove (Swamp:3)
  2 wolf spider zombies
  3 necromancers
  4 orc knights (Orc:2)
  4 orc sorcerers (Orc:2)
  An orb spider (shapeshifter) (D:14)
  3 cyclopes
  3 deep elf magi
  8 ugly things
  A fire giant zombie (D:15)
  5 manticores
  A stone giant skeleton (D:15)
  5 elephants (Lair:3)
  3 black mambas
  A centaur zombie (D:11)
  Maurice (D:8)
  6 torpor snails
  12 spiny frogs
  2 kobold demonologists
  8 komodo dragons
  2 rime drakes
  A yaktaur (D:15)
  A rime drake (shapeshifter) (D:13)
  3 centaur skeletons
  An efreet (D:15)
  The ghost of Firecrotchwizard the Grappler, a novice VSMo (D:4)
  3 meliai (D:14)
  A queen bee (D:14)
  Grinder (D:4)
  6 tyrant leeches
  3 trolls
  15 hornets
  A harpy skeleton (D:15)
  Prince Ribbit (Lair:1)
  10 slime creatures
  12 hippogriffs
  7 blink frogs
  9 bog bodies
  A fire dragon zombie (D:15)
  A deep troll skeleton (D:15)
  A spriggan (Swamp:3)
  4 shadows
  A centaur simulacrum (D:14)
  A wyvern (Lair:3)
  9 yaks
  A wraith (D:12)
  15 vampire mosquitoes
  2 basilisks
  21 humans (D:14)
  2 nagas (Lair:2)
  3 wargs
  Menkaure (D:5)
  2 soldier ants
  8 swamp worms
  14 water moccasins
  13 porcupines
  4 swamp drakes
  2 phantoms
  5 sky beasts
  6 necrophages
  A slave (D:3)
  A black bear (D:7)
  An eye of draining (D:13)
  11 ogres
  4 ice beasts
  23 orc warriors
  13 centaurs
  14 wolves
  8 crocodiles
  13 big kobolds
  Blork the orc (D:4)
  22 bullfrogs
  A gnoll sergeant (D:5)
  2 wyvern skeletons
  4 scorpions
  A water moccasin skeleton (D:6)
  16 killer bees (D:14)
  22 wights
  2 howler monkeys
  An electric eel (Lair:3)
  6 crimson imps
  2 quasits
  3 hounds
  A bullfrog skeleton (D:6)
  12 orc priests
  6 jellies
  17 orc wizards
  8 worker ants
  2 hound skeletons
  A worker ant zombie (D:8)
  4 gnolls (D:5)
  10 adders
  2 shadow imps
  An adder zombie (D:9)
  2 worms (D:3)
  3 dart slugs
  2 leopard geckos
  72 orcs
  4 giant cockroaches
  11 goblins
  5 hobgoblins
  9 jackals
  25 kobolds
  7 quokkas
  A ball python (D:3)
  10 bats
  10 frilled lizards
  A giant cockroach zombie (D:6)
  A goblin zombie (D:4)
  A jackal zombie (D:6)
  A leopard gecko skeleton (D:7)
  A quokka zombie (D:4)
  8 rats
  3 plants
740 creatures vanquished.

Vanquished Creatures (others)
  3 humans (D:13)
  A slave (D:4)
  A crimson imp (D:13)
  An orc priest (D:4)
  A hound (D:13)
  2 adders (D:4)
  A shadow imp (D:13)
  An ooze (D:4)
  4 orcs
  2 jackals (D:4)
  2 fungi (Lair:1)
  2 plants
  A withered plant (D:15)
22 creatures vanquished.

Grand Total: 762 creatures vanquished

Notes
Turn   | Place    | Note
-------+----------+-------------------------------------------
     0 | D:1      | Firecrotchwizard the Vine Stalker Monk began the quest for the Orb.
     0 | D:1      | Reached XP level 1. HP: 11/11 MP: 2/2
   129 | D:1      | Reached XP level 2. HP: 15/16 MP: 3/3
   301 | D:1      | Reached skill level 3 in Fighting
   328 | D:1      | Reached XP level 3. HP: 8/20 MP: 4/4
   339 | D:1      | HP: 5/20 [dart slug/slug dart (2)]
   827 | D:2      | Reached skill level 4 in Unarmed Combat
   841 | D:2      | Found a basalt altar of Yredelemnul.
  1241 | D:2      | Gained mutation: Your natural rate of healing is unusually fast. [Vine Stalker growth]
  1241 | D:2      | Reached XP level 4. HP: 18/24 MP: 5/5
  1243 | D:2      | Found a shimmering altar of Xom.
  1632 | D:3      | Noticed a kobold demonologist
  1633 | D:3      | Found a transporter.
  1763 | D:3      | Found a shattered altar of Ashenzari.
  1863 | D:3      | Found a transporter.
  2127 | D:4      | Noticed a slave
  2133 | D:4      | Noticed Pikel
  2152 | D:4      | HP: 5/24 [slave[Pikel] (4)]
  2198 | D:3      | Killed a slave
  2202 | D:3      | Paralysed by Pikel for 5 turns
  2212 | D:3      | Paralysed by Pikel for 5 turns
  2222 | D:3      | Paralysed by Pikel for 2 turns
  2230 | D:3      | Paralysed by Pikel for 6 turns
  2239 | D:3      | Killed Pikel
  2239 | D:3      | Reached skill level 4 in Fighting
  2239 | D:3      | Reached skill level 6 in Unarmed Combat
  2239 | D:3      | Reached XP level 5. HP: 19/30 MP: 4/6
  2239 | D:3      | Reached XP level 6. HP: 21/34 MP: 4/7
  2239 | D:3      | Reached XP level 7. HP: 24/38 MP: 4/8
  2319 | D:4      | Found an ancient bone altar of Kikubaaqudgha.
  2338 | D:4      | Noticed Blork the orc
  2339 | D:4      | Noticed Firecrotchwizard's ghost (novice VSMo)
  2384 | D:4      | Killed Blork the orc
  2384 | D:4      | Reached skill level 7 in Unarmed Combat
  2548 | D:4      | Killed Firecrotchwizard's ghost
  2548 | D:4      | Reached skill level 5 in Fighting
  2613 | D:4      | HP: 4/39 [ogre/giant spiked club (13)]
  2690 | D:4      | Noticed Grinder
  2742 | D:4      | Gained mutation: You have razor-sharp teeth. [Vine Stalker growth]
  2742 | D:4      | Reached XP level 8. HP: 41/43 MP: 9/9
  2837 | D:4      | Killed Grinder
  2837 | D:4      | Reached skill level 8 in Unarmed Combat
  3151 | D:5      | Entered Level 5 of the Dungeon
  3285 | D:5      | Reached skill level 1 in Armour
  3351 | D:5      | Found a bloodstained altar of Trog.
  3541 | D:5      | Reached skill level 6 in Fighting
  3623 | D:5      | Reached skill level 2 in Armour
  3763 | D:5      | Found a burning altar of Makhleb.
  3985 | D:5      | Got a transparent dagger
  4109 | D:5      | Noticed Menkaure
  4117 | D:5      | Killed Menkaure
  4117 | D:5      | Reached skill level 9 in Unarmed Combat
  4117 | D:5      | Reached XP level 9. HP: 29/49 MP: 10/10
  4443 | D:6      | Found an ornate altar of the Wu Jian Council.
  4478 | D:6      | Reached skill level 3 in Armour
  4503 | D:6      | Found an iron altar of Okawaru.
  4549 | D:6      | Became a worshipper of Warmaster Okawaru
  4549 | D:6      | Reached * piety under Okawaru
  4549 | D:6      | Reached ** piety under Okawaru
  4583 | D:6      | Found a bloodstained altar of Trog.
  4703 | D:6      | Found a radiant altar of Vehumet.
  4779 | D:6      | Found a glowing silver altar of Zin.
  4786 | D:6      | Found a sparkling altar of Nemelex Xobeh.
  4786 | D:6      | Found a hide-covered altar of Uskayaw.
  4790 | D:6      | Found a shadowy altar of Dithmenos.
  4958 | D:6      | Found a staircase to the Ecumenical Temple.
  5058 | D:6      | Reached skill level 7 in Fighting
  5567 | D:7      | Reached skill level 4 in Armour
  5643 | D:8      | Noticed a kobold demonologist
  5695 | D:8      | Reached *** piety under Okawaru
  5735 | D:8      | Noticed iamoutofideas's ghost (novice GnFi)
  5765 | D:8      | Killed iamoutofideas's ghost
  5765 | D:8      | Reached skill level 8 in Fighting
  5765 | D:8      | Reached skill level 10 in Unarmed Combat
  5765 | D:8      | Reached XP level 10. HP: 27/56 MP: 11/11
  5768 | D:8      | Reached skill level 5 in Armour
  5778 | D:8      | Noticed a two-headed ogre
  5880 | D:8      | Reached **** piety under Okawaru
  6072 | D:8      | Found an opulent altar of Gozag.
  6106 | D:8      | Killed a kobold demonologist
  6152 | D:8      | Killed a two-headed ogre
  6221 | D:8      | Reached ***** piety under Okawaru
  6250 | D:8      | Noticed Maurice
  6262 | D:8      | Killed Maurice
  6262 | D:8      | Reached skill level 6 in Armour
  6298 | D:8      | Reached skill level 11 in Unarmed Combat
  6346 | D:8      | Reached skill level 9 in Fighting
  6549 | D:9      | HP: 14/58 [ogre/giant spiked club (16)]
  6632 | D:9      | Reached XP level 11. HP: 59/62 MP: 10/12
  6657 | D:9      | Received a gift from Okawaru
  6751 | D:9      | Noticed a two-headed ogre
  6764 | D:9      | Killed a two-headed ogre
  6764 | D:9      | Reached skill level 1 in Invocations
  6831 | D:9      | Reached skill level 2 in Invocations
  6911 | D:9      | HP: 14/62 [orc priest/divine providence (5)]
  6917 | D:9      | HP: 15/62 [poisoned by a worker ant]
  7073 | D:9      | Found a staircase to the Orcish Mines.
  7175 | D:9      | Found Ybuimos's Magic Scroll Emporium.
  7338 | D:10     | Entered Level 10 of the Dungeon
  7511 | D:10     | Noticed Snorg
  7529 | D:10     | Killed Snorg
  7529 | D:10     | Reached skill level 7 in Armour
  7529 | D:10     | Reached skill level 3 in Invocations
  7724 | D:10     | Found a staircase to the Lair.
  7903 | D:10     | Killed an unseen horror
  7941 | D:10     | Noticed a green ugly thing
  7959 | D:10     | Killed a green ugly thing
  8322 | D:11     | Noticed a manticore
  8365 | Lair:1   | Entered Level 1 of the Lair of Beasts
  8491 | Lair:1   | Noticed a five-headed hydra
  8501 | Lair:1   | Killed a five-headed hydra
  8501 | Lair:1   | Reached skill level 10 in Fighting
  8501 | Lair:1   | Reached skill level 4 in Invocations
  8514 | Lair:1   | Noticed UncommonGray's ghost (journeyman DrTm)
  8539 | Lair:1   | Killed UncommonGray's ghost
  8539 | Lair:1   | Reached skill level 12 in Unarmed Combat
  8585 | Lair:1   | Received a gift from Okawaru
  8585 | Lair:1   | Gained mutation: You heal very quickly. [Vine Stalker growth]
  8585 | Lair:1   | Reached XP level 12. HP: 67/67 MP: 14/16
  8895 | Lair:1   | Reached skill level 5 in Invocations
  9196 | Lair:1   | Noticed Prince Ribbit
  9212 | Lair:1   | Killed Prince Ribbit
  9228 | Lair:1   | Reached skill level 8 in Armour
  9611 | Lair:2   | Found a staircase to the Snake Pit.
  9650 | Lair:2   | Noticed a death yak
  9686 | Lair:2   | Killed a death yak
  9750 | Lair:2   | Found a staircase to the Swamp.
  9937 | Lair:2   | Noticed a death yak
  9944 | Lair:2   | Killed a death yak
  9944 | Lair:2   | Reached skill level 6 in Invocations
 10451 | Lair:3   | Received a gift from Okawaru
 10451 | Lair:3   | Reached skill level 13 in Unarmed Combat
 10460 | Lair:3   | Reached skill level 11 in Fighting
 10671 | Lair:3   | Found a glowing golden altar of the Shining One.
 10687 | Lair:3   | Reached ****** piety under Okawaru
 10687 | Lair:3   | Reached XP level 13. HP: 63/74 MP: 17/19
 11313 | Lair:4   | Reached skill level 7 in Invocations
 12083 | Lair:5   | HP: 18/74 [seven-headed hydra (1)]
 12084 | Lair:5   | Reached skill level 9 in Armour
 13097 | Lair:6   | Entered Level 6 of the Lair of Beasts
 13162 | Lair:6   | Got a pair of brightly glowing boots
 13187 | Lair:5   | Identified the +1 pair of boots of Snakes and Ladders {Str+4 Stlth+} (You found it on level 6 of the Lair of Beasts)
 13199 | Lair:6   | Noticed Nessos
 13208 | Lair:6   | HP: 16/74 [Nessos/arrow (4)]
 13208 | Lair:6   | HP: 5/74 [Nessos/arrow (11)]
 13209 | Lair:5   | HP: 1/74 [poisoned by Nessos]
 13621 | Lair:6   | Noticed selky's ghost (journeyman GrVM)
 13669 | Lair:6   | Killed selky's ghost
 13713 | Lair:6   | Found a staircase to the Slime Pits.
 13766 | Lair:6   | Reached skill level 14 in Unarmed Combat
 13780 | Lair:5   | Received a gift from Okawaru
 13790 | Lair:5   | Got an ichor-stained cloak {god gift}
 13801 | Lair:5   | Identified the -4 cloak of a ziggurat {rF+ rN+ Int+3} (Okawaru gifted it to you on level 5 of the Lair of Beasts)
 13833 | Lair:6   | Reached skill level 8 in Invocations
 13900 | Lair:6   | Killed Nessos
 14057 | Lair:6   | Reached skill level 1 in Evocations
 14278 | Lair:6   | Found a runed door.
 14288 | Lair:6   | Noticed a fire dragon
 14301 | Lair:6   | Killed a fire dragon
 14401 | Lair:6   | Reached XP level 14. HP: 65/79 MP: 21/21
 14488 | Lair:6   | Reached skill level 2 in Evocations
 15230 | D:11     | Reached skill level 12 in Fighting
 15646 | D:11     | Reached skill level 3 in Evocations
 16009 | D:12     | Reached skill level 10 in Armour
 16012 | D:12     | Reached skill level 15 in Unarmed Combat
 16242 | D:13     | Received a gift from Okawaru
 16243 | D:13     | Got a pair of spiked boots {god gift}
 16361 | D:13     | Identified the +0 pair of boots of the Ageless Continents {*Corrode rF+ Str+2} (Okawaru gifted it to you on level 13 of the Dungeon)
 16536 | D:13     | Noticed Kirke
 16543 | D:13     | Killed Kirke
 16543 | D:13     | Reached skill level 4 in Evocations
 17105 | D:13     | Noticed Frances
 17120 | D:13     | Killed Frances
 17393 | D:14     | Reached XP level 15. HP: 67/85 MP: 22/22
 17518 | D:14     | Reached skill level 5 in Evocations
 17790 | D:14     | Reached skill level 16 in Unarmed Combat
 17828 | D:14     | Found a gate to the Vaults.
 18216 | D:15     | Entered Level 15 of the Dungeon
 18220 | D:15     | Found Tymiapt's Gadget Emporium.
 18292 | D:15     | Received a gift from Okawaru
 18314 | D:15     | Found a staircase to the Depths.
 18522 | D:15     | Identified a scroll of acquirement
 18593 | D:15     | Reached skill level 6 in Evocations
 18702 | D:15     | Found Veru Tyh's Distillery.
 18707 | D:15     | Bought a potion of haste for 160 gold pieces
 19458 | Orc:1    | Entered Level 1 of the Orcish Mines
 19552 | Orc:2    | Entered Level 2 of the Orcish Mines
 19562 | Orc:2    | Reached skill level 11 in Armour
 19739 | Orc:2    | Reached skill level 13 in Fighting
 19836 | Orc:2    | Noticed Coron's ghost (journeyman DDAs)
 19840 | Orc:2    | Found a staircase to the Elven Halls.
 19856 | Orc:2    | Killed Coron's ghost
 19856 | Orc:2    | Received a gift from Okawaru
 19861 | Orc:2    | Got a shimmering dagger {god gift}
 19923 | Orc:2    | Found a roughly hewn altar of Beogh.
 20199 | Orc:2    | HP: 21/86 [orc knight/dire flail (11)]
 20342 | Orc:2    | Found Ceqoptea's Distillery.
 20342 | Orc:2    | Found Edghag's General Store.
 20344 | Orc:2    | Found Zuuk's Assorted Antiques.
 20344 | Orc:2    | Found Moisal's General Store.
 20561 | Orc:1    | Found a roughly hewn altar of Beogh.
 21119 | Swamp:1  | Entered Level 1 of the Swamp
 21130 | Swamp:1  | Reached XP level 16. HP: 87/91 MP: 23/23
 21229 | Swamp:1  | Received a gift from Okawaru
 21229 | Swamp:1  | Reached skill level 17 in Unarmed Combat
 21230 | Swamp:1  | Found the +3 mace of Variability {chaos}
 21390 | Swamp:1  | Reached skill level 7 in Evocations
 22059 | Swamp:2  | Noticed Aizul
 22078 | Swamp:2  | HP: 12/91 [Aizul (35)]
 22079 | Swamp:2  | Killed Aizul
 22083 | Swamp:2  | HP: 10/91 [poisoned by Aizul (bolt of poison)]
 22089 | Swamp:2  | HP: 12/91 [poisoned by Aizul (bolt of poison)]
 22095 | Swamp:2  | HP: 15/91 [poisoned by Aizul (bolt of poison)]
 22100 | Swamp:1  | HP: 19/91 [poisoned by Aizul (bolt of poison)]
 22971 | Swamp:3  | Paralysed by a hornet for 1 turns
 23212 | Swamp:3  | Noticed Mara
 23227 | Swamp:3  | Noticed Firecrotchwizard's illusion
 23236 | Swamp:3  | HP: 8/91 [Mara/demon whip of venom (16)]
 23237 | Swamp:3  | HP: 3/91 [poisoned by Mara]
 23238 | Swamp:3  | Slain by Firecrotchwizard's illusion

Vault maps used:
D:1:      minmay_arrival_pointy
D:2:      tgw_xom, lemuel_tele_altar
D:3:      gammafunk_wand_slinger, ashenzari_conservatory_becter, first_bread
D:4:      kiku_gazebo_pond_becter, enter_ossuary_4, uniq_grinder,
          uniq_blork_the_orc, uniq_pikel
D:5:      hangedman_feature_mirror, hex_medium, uniq_menkaure
D:6:      nicolae_overflow_crystal_walls, minitemple, kennysheep_little_box,
          temple_green, basic_altar, okawaru_trees_2
D:7:      lemuel_ice_spiral_2, serial_aquarium, aquarium_bridge_long_separate,
          aquarium_bridge_square, aquarium_window_corridor_3, aquarium_window_1,
          aquarium_view_2f, aquarium_view_2c
D:8:      nicolae_gozag_cash_rules_everything_around_me, special_room,
          uniq_maurice
D:9:      hiddenorc2_lemuel, serial_shops, nicolae_shop_statue_plus
D:10:     dpeg_oklobed_lair, uniq_snorg
D:12:     lemuel_flamethrower_3
D:13:     hangedman_pestilent_swarm, uniq_frances, uniq_kirke
D:14:     grunt_vaults_entry_tiered, special_room, hangedman_decor_peaks_small
D:15:     gammafunk_depths_entry_grave, serial_shops, nicolae_shop_crystal,
          shop, minmay_misc_feat_doors
Lair:1:   enter_volcano_4, uniq_prince_ribbit2
Lair:2:   swamp_mist, guppyfry_snake_entry_garden, serial_bayou_crossing
Lair:3:   basic_altar, infiniplex_staircase_pool
Lair:4:   serial_bayou_shore_a, lemuel_fruit_tree, minmay_lair_oklob_chamber
Lair:5:   grunt_megastairs_1
Lair:6:   wormcave, slime_dummy, uniq_nessos
Swamp:1:  serial_swamp_ruin, evilmike_swamp_ruin_house_1,
          evilmike_swamp_ruin_house_2, evilmike_swamp_ruin_house_3, swamp_pool5,
          hangedman_swamp_ravenous
Swamp:2:  hangedman_swamp_lotus, uniq_aizul
Swamp:3:  hangedman_swamp_ruin_wall, swamp_pool3, uniq_mara
Orc:1:    basic_altar
Orc:2:    grunt_orc_tribal_feast, basic_altar

Skill      XL: |  1  2  3  4  5  6  7  8  9 10 11 12 13 14 15 16 |
---------------+-------------------------------------------------+-----
Fighting       | 3 4 5 6 8 9 10 11 12 13 | 13.4
Unarmed Combat | 4 6 7 9 10 11 12 13 14 15 16 17 | 17.4
Armour         | 2 4 6 7 8 9 10 11 | 11.5
Invocations    | 4 6 8 |  8.0
Evocations     | 1 4 6 7 |  7.5
Dodging        | |  2.4
Stealth        | |  2.5

Action                   |  1- 3 |  4- 6 |  7- 9 | 10-12 | 13-15 | 16-18 || total
-------------------------+-------+-------+-------+-------+-------+-------++-------
Melee: Unarmed           |   129 |   101 |   284 |   753 |  1369 |   319 ||  2955
       Bite              |    35 |    20 |   117 |   300 |   583 |   122 ||  1177
       Punch             |     2 |       |     9 |    31 |   133 |    26 ||   201
Invok: Heroism           |       |       |     2 |     9 |    34 |     9 ||    54
       Finesse           |       |       |       |       |     6 |       ||     6
Evoke: Wand              |       |       |       |     4 |     3 |       ||     7
  Use: Scroll            |       |       |     7 |    12 |    14 |     5 ||    38
       Potion            |       |       |       |     1 |     2 |       ||     3
 Stab: Distracted        |       |       |       |       |     1 |       ||     1
  Eat: Chunk             |     1 |    10 |    19 |    17 |    31 |     8 ||    86
Armor: Ring mail         |    20 |       |       |       |       |       ||    20
       Robe              |     1 |       |       |       |       |       ||     1
       Chain mail        |    55 |    59 |   167 |   429 |   853 |   283 ||  1846
Dodge: Dodged            |    50 |    28 |    85 |   226 |   540 |   159 ||  1088

Table legend:
 A = Spawn XP
 B = Non-spawn XP
 C = Spawn XP percentage of total XP
 D = Spawn monster count
 E = Non-spawn monster count
 F = Spawn count percentage of total count
 G = Total turns spent on level
                    A         B        C        D         E        F      G
               +---------+---------+-------+---------+---------+-------+---------
         Total |       0 |  154158 |   0.0 |       0 |     736 |   0.0 | 23238
               +---------+---------+-------+---------+---------+-------+---------
           D:1 |       0 |      57 |   0.0 |       0 |      36 |   0.0 |   806
           D:2 |       0 |      36 |   0.0 |       0 |      22 |   0.0 |   769
           D:3 |       0 |     665 |   0.0 |       0 |      10 |   0.0 |   734
           D:4 |       0 |     840 |   0.0 |       0 |      20 |   0.0 |   842
           D:5 |       0 |     813 |   0.0 |       0 |      15 |   0.0 |  1214
           D:6 |       0 |     992 |   0.0 |       0 |      16 |   0.0 |   718
           D:7 |       0 |     668 |   0.0 |       0 |      11 |   0.0 |   685
           D:8 |       0 |    4628 |   0.0 |       0 |      42 |   0.0 |   680
           D:9 |       0 |    3273 |   0.0 |       0 |      60 |   0.0 |   934
          D:10 |       0 |    3475 |   0.0 |       0 |      18 |   0.0 |  1069
          D:11 |       0 |    4485 |   0.0 |       0 |      29 |   0.0 |   821
          D:12 |       0 |    3864 |   0.0 |       0 |      25 |   0.0 |   555
          D:13 |       0 |   17272 |   0.0 |       0 |      46 |   0.0 |  1036
          D:14 |       0 |   17858 |   0.0 |       0 |      82 |   0.0 |   991
          D:15 |       0 |   11652 |   0.0 |       0 |      30 |   0.0 |  1144
        Lair:1 |       0 |    6637 |   0.0 |       0 |      19 |   0.0 |  1100
        Lair:2 |       0 |    6170 |   0.0 |       0 |      23 |   0.0 |   924
        Lair:3 |       0 |    5046 |   0.0 |       0 |      23 |   0.0 |   895
        Lair:4 |       0 |    2998 |   0.0 |       0 |      14 |   0.0 |  1242
        Lair:5 |       0 |    7928 |   0.0 |       0 |      25 |   0.0 |  1151
        Lair:6 |       0 |   14721 |   0.0 |       0 |      35 |   0.0 |  1274
       Swamp:1 |       0 |   12412 |   0.0 |       0 |      30 |   0.0 |   984
       Swamp:2 |       0 |    7990 |   0.0 |       0 |      18 |   0.0 |   829
       Swamp:3 |       0 |    5111 |   0.0 |       0 |      13 |   0.0 |   306
         Orc:1 |       0 |    2754 |   0.0 |       0 |      30 |   0.0 |   604
         Orc:2 |       0 |   11813 |   0.0 |       0 |      44 |   0.0 |   931
               +---------+---------+-------+---------+---------+-------+---------

Vault maps used:
D:1:      minmay_arrival_pointy
D:2:      tgw_xom, lemuel_tele_altar
D:3:      gammafunk_wand_slinger, ashenzari_conservatory_becter, first_bread
D:4:      kiku_gazebo_pond_becter, enter_ossuary_4, uniq_grinder,
          uniq_blork_the_orc, uniq_pikel
D:5:      hangedman_feature_mirror, hex_medium, uniq_menkaure
D:6:      nicolae_overflow_crystal_walls, minitemple, kennysheep_little_box,
          temple_green, basic_altar, okawaru_trees_2
D:7:      lemuel_ice_spiral_2, serial_aquarium, aquarium_bridge_long_separate,
          aquarium_bridge_square, aquarium_window_corridor_3, aquarium_window_1,
          aquarium_view_2f, aquarium_view_2c
D:8:      nicolae_gozag_cash_rules_everything_around_me, special_room,
          uniq_maurice
D:9:      hiddenorc2_lemuel, serial_shops, nicolae_shop_statue_plus
D:10:     dpeg_oklobed_lair, uniq_snorg
D:12:     lemuel_flamethrower_3
D:13:     hangedman_pestilent_swarm, uniq_frances, uniq_kirke
D:14:     grunt_vaults_entry_tiered, special_room, hangedman_decor_peaks_small
D:15:     gammafunk_depths_entry_grave, serial_shops, nicolae_shop_crystal,
          shop, minmay_misc_feat_doors
Lair:1:   enter_volcano_4, uniq_prince_ribbit2
Lair:2:   swamp_mist, guppyfry_snake_entry_garden, serial_bayou_crossing
Lair:3:   basic_altar, infiniplex_staircase_pool
Lair:4:   serial_bayou_shore_a, lemuel_fruit_tree, minmay_lair_oklob_chamber
Lair:5:   grunt_megastairs_1
Lair:6:   wormcave, slime_dummy, uniq_nessos
Swamp:1:  serial_swamp_ruin, evilmike_swamp_ruin_house_1,
          evilmike_swamp_ruin_house_2, evilmike_swamp_ruin_house_3, swamp_pool5,
          hangedman_swamp_ravenous
Swamp:2:  hangedman_swamp_lotus, uniq_aizul
Swamp:3:  hangedman_swamp_ruin_wall, swamp_pool3, uniq_mara
Orc:1:    basic_altar
Orc:2:    grunt_orc_tribal_feast, basic_altar

Table legend:
 A = Turns spent in this place as a percentage of turns spent in the entire game.
 B = Non-inter-level travel turns spent in this place as a percentage of non-inter-level travel turns spent in the entire game.
 C = Inter-level travel turns spent in this place as a percentage of turns spent in this place.
 D = Turns resting spent in this place as a percentage of non-inter-level travel turns spent in this place.
 E = Turns spent auto-exploring this place as a percentage of non-inter-level travel turns spent in this place.
 F = Non-inter-level travel turns spent in this place divided by the number of levels of this place that you've seen.
                   A       B       C       D       E      F
               +-------+-------+-------+-------+-------+----------------------
         Total | 100.0 | 100.0 |   6.6 |  14.3 |  59.9 | 834.8
       Dungeon |  55.9 |  56.7 |   5.4 |  12.7 |  60.3 | 819.8
          Lair |  28.3 |  27.7 |   8.8 |  15.9 |  60.2 | 1001.5
         Swamp |   9.1 |   9.5 |   2.7 |  17.5 |  59.5 | 687.3
  Orcish Mines |   6.6 |   6.2 |  12.9 |  17.1 |  55.4 | 668.5
               +-------+-------+-------+-------+-------+----------------------

Table legend:
 A = Kills in this place as a percentage of kills in entire the game.
 B = Kills by you in this place as a percentage of kills by you in the entire game.
 C = Kills by friends in this place as a percentage of kills by friends in the entire game.
 D = Other kills in this place as a percentage of other kills in the entire game.
 E = Experience gained in this place as a percentage of experience gained in the entire game.
 F = Experience gained in this place divided by the number of levels of this place that you have seen.
                   A       B       C       D       E      F
               +-------+-------+-------+-------+-------+----------------------
         Total | 100.0 | 100.0 |   N/A |   N/A | 100.0 | 5929.2
       Dungeon |  62.8 |  62.8 |   N/A |   N/A |  45.8 | 4705.2
          Lair |  18.9 |  18.9 |   N/A |   N/A |  28.2 | 7250.0
         Swamp |   8.3 |   8.3 |   N/A |   N/A |  16.5 | 8504.3
  Orcish Mines |  10.1 |  10.1 |   N/A |   N/A |   9.4 | 7283.5
               +-------+-------+-------+-------+-------+----------------------
